[Event "Team 45 45 League T66"]
[Site "Internet Chess Club"]
[Date "2015.10.25"]
[Round "8"]
[White "NicoloPags"]
[Black "santiagoelawad"]
[Result "1/2-1/2"]
[WhiteElo "2129"]
[BlackElo "2065"]
[Opening "Queen's bishop game"]
[ECO "D02"]
[Time "09:06:14"]
[TimeControl "2700+45"]

1. d4 d5 2. Nf3 Nf6 3. Bf4 Bf5 4. e3 e6 5. Bd3 Bg6 6. O-O Bd6 7. Ne5 O-O 8. Nxg6
hxg6 9. Bxd6 Qxd6 10. c4 Nbd7 11. c5 Qe7 12. Nc3 c6 13. b4 e5 14. b5 Qd8 15.
bxc6 bxc6 16. Rb1 Qc7 17. Qa4 a5 18. Qc2 Rfb8 19. g3 Rb4 20. a3 Rxb1 21. Rxb1
Rb8 22. Rxb8+ Qxb8 23. Qb1 exd4 24. Qxb8+ Nxb8 25. exd4 Kf8 26. Nb1 Ne8 27. Nd2
Nc7 28. a4 Ke7 29. Nb3 Ne6 30. f4 Kd7 31. Kf2 Kc7 32. Ke3 Nd7 33. Nxa5 Ndxc5 34.
dxc5 Nxc5 35. Bc2 Kb6 36. Nb3 Nxa4 37. Kd4 Kc7 38. Nc5 Nb6 39. Nd3 Kd6 40. Ne5
c5+ 41. Kc3 Ke6 42. h4 Nc8 43. Ba4 Nd6 44. Bd7+ Ke7 45. Bc6 Ne4+ 46. Kd3 Kd6 47.
Be8 f6 48. Nf3 g5 49. fxg5 fxg5 50. hxg5 Nxg3 51. Bg6 Ke6 52. Ke3 Nf5+ 53. Kf4
Ne7 54. Bb1 Nc6 55. Ke3 Ne7 56. Kf4 Nc6 57. Ke3 Ne7 58. Kf4 Nc6 {Game drawn by
repetition} 1/2-1/2

[Event "Team 45 45 League T66"]
[Site "Internet Chess Club"]
[Date "2015.10.24"]
[Round "8"]
[White "Heian"]
[Black "willhelm"]
[Result "0-1"]
[WhiteElo "1689"]
[BlackElo "1904"]
[Opening "Scandinavian (center counter) defense"]
[ECO "B01"]
[Time "10:01:39"]
[TimeControl "2700+45"]

1. e4 d5 2. exd5 Qxd5 3. Nf3 c6 4. Nc3 Qd6 5. Bc4 Bf5 6. O-O e6 7. h3 Nf6 8. d3
h6 9. Qe2 Nbd7 10. Ne4 Qc7 11. Nd4 Bxe4 12. dxe4 Qe5 13. c3 Qxe4 14. Qxe4 Nxe4
15. Re1 Nef6 16. Bxe6 fxe6 17. Nxe6 Kf7 18. Bf4 Re8 19. Nd4 Bc5 20. Nf5 Rxe1+
21. Rxe1 Re8 22. Rxe8 Nxe8 23. b4 Bf8 24. Kf1 h5 25. Ng3 g6 26. Ne4 Bg7 27. Ke2
Bf6 28. Kd3 Ke6 29. a4 Be7 30. f3 Nd6 31. Nd2 Ne5+ 32. Kc2 Nec4 33. Nb3 Nf5 34.
g4 hxg4 35. fxg4 Ng7 36. Kd3 Nb2+ 37. Kc2 Nc4 38. a5 Kd5 39. Bb8 a6 40. Kd3 Ne6
41. Bg3 Bd6 42. Bxd6 Nxd6 43. h4 Nf7 44. c4+ Ke5 45. Ke3 Nh6 46. Kf3 Nd4+ 47.
Nxd4 Kxd4 48. Kf4 Kxc4 49. Kg5 Nxg4 50. Kxg4 Kxb4 51. Kg5 c5 52. Kxg6 c4 53. h5
c3 54. h6 c2 55. h7 c1=Q 56. h8=Q Qc6+ 57. Kf5 Kxa5 58. Qd8+ Kb5 59. Qd3+ Kb6
60. Kg4 a5 61. Qd4+ Ka6 62. Qd3+ Qb5 63. Qd6+ b6 64. Qb8 Qc4+ 65. Kf3 a4 66.
Qa8+ Kb5 67. Kf2 a3 68. Qxa3 Qc5+ 69. Qxc5+ Kxc5 70. Ke2 Kb4 71. Kd2 Kb3 72. Kc1
b5 73. Kb1 b4 74. Ka1 Kc2 75. Ka2 b3+ {White resigns} 0-1

[Event "Team 45 45 League T66"]
[Site "Internet Chess Club"]
[Date "2015.10.26"]
[Round "8"]
[White "NAS"]
[Black "FrankNautilus"]
[Result "0-1"]
[WhiteElo "1752"]
[BlackElo "1884"]
[Opening "Caro-Kann: classical, Spassky variation"]
[ECO "B19"]
[Time "14:00:09"]
[TimeControl "2700+45"]

1. e4 c6 2. d4 d5 3. Nc3 dxe4 4. Nxe4 Bf5 5. Ng3 Bg6 6. h4 h6 7. Nf3 Nd7 8. h5
Bh7 9. Bd3 Bxd3 10. Qxd3 e6 11. Bd2 Ngf6 12. O-O-O Be7 13. Qe2 O-O 14. Ne5 c5
15. dxc5 Nxc5 16. Kb1 Qc7 17. Bf4 Rfd8 18. Ng6 Bd6 19. Bxd6 Rxd6 20. Rxd6 Qxd6
21. Rd1 Qc7 22. Ne5 Rd8 23. Rxd8+ Qxd8 24. Kc1 Kf8 25. f3 Nd5 26. Ne4 Nxe4 27.
Qxe4 Qg5+ 28. Kb1 {White resigns} 0-1

[Event "Team 45 45 League T66"]
[Site "Internet Chess Club"]
[Date "2015.10.24"]
[Round "8"]
[White "fledermaus"]
[Black "MikeTtheGuru"]
[Result "0-1"]
[WhiteElo "1894"]
[BlackElo "2040"]
[Opening "King's Indian: orthodox, Aronin-Taimanov, bayonet attack"]
[ECO "E97"]
[Time "10:33:01"]
[TimeControl "2700+45"]

1. Nf3 Nf6 2. c4 g6 3. Nc3 Bg7 4. e4 d6 5. d4 O-O 6. Be2 e5 7. O-O Nc6 8. d5 Ne7
9. b4 c6 10. Rb1 a5 11. a3 axb4 12. axb4 Nh5 13. Re1 Nf4 14. Bf1 f5 15. Bxf4
exf4 16. e5 cxd5 17. exd6 Qxd6 18. Nb5 Qd8 19. cxd5 Kh8 20. Bc4 Bf6 21. Ne5 Kg7
22. Qf3 g5 23. d6 Ng6 24. Nxg6 Kxg6 25. Rbd1 Qd7 26. Nc7 Rb8 27. Be6 Qc6 28.
Qxc6 bxc6 29. Bxc8 Rfxc8 30. Ne6 Kf7 31. d7 Rg8 32. h4 h6 33. hxg5 hxg5 34. Re2
Rh8 35. f3 Rhg8 36. Rc2 Kxe6 37. Rxc6+ Kf7 38. b5 Bd8 39. Kf1 Rxb5 40. Rcd6 Re5
41. Kf2 Rg6 42. R6d3 Rh6 43. Rd4 Rh8 44. Rd6 Re6 45. R1d5 Rxd6 46. Rxd6 Ke7 47.
Rd5 Ke6 48. Rd3 Rh7 {White resigns} 0-1

[Event "Team 45 45 League T66"]
[Site "Internet Chess Club"]
[Date "2015.10.25"]
[Round "8"]
[White "Whalen"]
[Black "pishd"]
[Result "1-0"]
[WhiteElo "1750"]
[BlackElo "1744"]
[Opening "QGD: exchange, positional line"]
[ECO "D35"]
[Time "13:07:49"]
[TimeControl "2700+45"]

1. d4 Nf6 2. c4 e6 3. Nc3 d5 4. cxd5 exd5 5. Bg5 Nbd7 6. e3 Be7 7. Bd3 c6 8. Qc2
O-O 9. Nge2 Re8 10. O-O Nf8 11. f3 Be6 12. Ng3 N6d7 13. Bxe7 Qxe7 14. Rac1 Rac8
15. Rfe1 Qd6 16. a3 a6 17. b4 b5 18. Nf5 Qb8 19. a4 Nb6 20. Ng3 Nc4 21. Qf2 Rcd8
22. Ra1 Qb6 23. Nh5 Qc7 24. e4 Qd6 25. Rab1 dxe4 26. Nxe4 Qe7 27. Nc5 Qg5 28.
Ng3 Qd2 29. Qxd2 Nxd2 30. Rbd1 Nc4 31. Be4 Bd5 32. Nxa6 Ne6 33. axb5 cxb5 34.
Nc5 Nc7 35. Re2 g6 36. Ree1 Kf8 37. Kf2 f5 38. Bxd5 Rxe1 39. Rxe1 Rxd5 40. Ne2
Nb2 41. Nf4 Rd6 42. Ra1 g5 43. Ne2 Ne6 44. Ra5 Kf7 45. Nxe6 Kxe6 46. Rxb5 h6 47.
Rb8 Kd5 48. Ng3 f4 49. Ne4 Rc6 50. Rd8+ Kc4 51. d5 Rb6 52. d6 Nd3+ 53. Ke2 Nxb4
54. Rc8+ Rc6 55. d7 {Black resigns} 1-0

[Event "Team 45 45 League T66"]
[Site "Internet Chess Club"]
[Date "2015.10.24"]
[Round "8"]
[White "Percival"]
[Black "searchforbobby1"]
[Result "1-0"]
[WhiteElo "2044"]
[BlackElo "2096"]
[Opening "Dutch defense"]
[ECO "A90"]
[Time "09:12:11"]
[TimeControl "2700+45"]

1. d4 f5 2. c4 Nf6 3. g3 e6 4. Bg2 d5 5. Nh3 c6 6. O-O Bd6 7. Bf4 Be7 8. Nd2 O-O
9. Qc2 Na6 10. Nf3 h6 11. Ne5 Qe8 12. Bd2 g5 13. f3 Nd7 14. Nxd7 Bxd7 15. e4 Nc7
16. b3 Qg6 17. exf5 exf5 18. f4 Bf6 19. Bc3 Qg7 20. Rad1 dxc4 21. bxc4 Rae8 22.
Kh1 Be6 23. Bb4 Rf7 24. d5 cxd5 25. cxd5 Bc8 26. Rfe1 Rd8 27. d6 Na6 28. Ba3 Kh8
29. Bd5 b6 30. Bxf7 Qxf7 31. Bb2 Bb7+ 32. Kg1 Nc5 33. Qxf5 Rf8 34. Re7 Be4 35.
Rxf7 Bxf5 36. Rxf8+ Kg7 37. Rxf6 Bxh3 38. d7 Nxd7 39. Rxd7+ Bxd7 40. Rd6+ {Black
resigns} 1-0

[Event "Team 45 45 League T66"]
[Site "Internet Chess Club"]
[Date "2015.10.25"]
[Round "8"]
[White "Monterrey"]
[Black "HematiteBrown"]
[Result "1-0"]
[WhiteElo "1967"]
[BlackElo "2004"]
[Opening "Trompowsky attack (Ruth, Opocenský opening)"]
[ECO "A45"]
[Time "19:00:49"]
[TimeControl "2700+45"]

1. d4 Nf6 2. Bg5 c5 3. d5 e6 4. Nc3 exd5 5. Nxd5 Qa5+ 6. c3 Nxd5 7. Qxd5 Nc6 8.
e3 d6 9. Bc4 Be6 10. Qe4 Kd7 11. Nf3 Re8 12. O-O Be7 13. Bf4 Rhg8 14. Rfd1 g5
15. Bg3 Rg6 16. Rd2 h5 17. h4 gxh4 18. Nxh4 Rg4 19. Bxe6+ fxe6 20. Qh7 d5 21.
Rxd5+ Kc8 22. Rxh5 Qd8 23. Ng6 Bd6 24. Rd1 Nd4 25. cxd4 Bxg3 26. Rxc5+ Kb8 27.
fxg3 Rg8 28. Nf4 Rxg3 29. Qe4 a6 30. Rdc1 Qb6 31. b3 Ka7 32. Rc7 R8g5 33. Re7
Qb4 34. Rec7 e5 35. a3 Qb6 36. dxe5 Rxe5 37. Qxe5 Rxe3 38. Qc5 Rxb3 39. Qxb6+
Kxb6 40. R1c3 Rb1+ 41. Kf2 a5 42. Ke3 a4 43. Nd5+ Ka6 44. R7c4 Ka5 45. Rb4 Re1+
46. Kf2 Re5 47. Rc5+ b5 48. Rcxb5+ Ka6 49. Rb6+ Ka7 50. Rxa4# {Black checkmated}
1-0

[Event "Team 45 45 League T66"]
[Site "Internet Chess Club"]
[Date "2015.10.26"]
[Round "8"]
[White "TerryMalloy"]
[Black "chsrules88"]
[Result "1/2-1/2"]
[WhiteElo "2019"]
[BlackElo "2049"]
[Opening "Evans gambit declined, Showalter variation"]
[ECO "C51"]
[Time "18:02:35"]
[TimeControl "2700+45"]

1. e4 e5 2. Nf3 Nc6 3. Bc4 Bc5 4. b4 Bb6 5. a4 a6 6. Nc3 d6 7. Nd5 Ba7 8. d3 Bg4
9. c3 h6 10. h3 Bh5 11. Be3 Bxe3 12. Nxe3 Bxf3 13. Qxf3 Qf6 14. Qxf6 Nxf6 15.
Ke2 O-O 16. g3 Ne7 17. f3 c6 18. Rhb1 d5 19. Bb3 Rfd8 20. Rd1 Rac8 21. Rd2 c5
22. b5 c4 23. dxc4 dxe4 24. Rxd8+ Rxd8 25. Bc2 exf3+ 26. Kxf3 Kf8 27. Rd1 Ke8
28. Be4 {Game drawn by mutual agreement} 1/2-1/2

[Event "Team 45 45 League T66"]
[Site "Internet Chess Club"]
[Date "2015.10.23"]
[Round "8"]
[White "fishhead"]
[Black "charles-allen"]
[Result "1-0"]
[WhiteElo "1868"]
[BlackElo "1833"]
[Opening "Petrov: Cozio (Lasker) attack"]
[ECO "C42"]
[Time "18:00:52"]
[TimeControl "2700+45"]

1. e4 e5 2. Nf3 Nf6 3. Nxe5 d6 4. Nf3 Nxe4 5. Qe2 Qe7 6. d3 Nf6 7. Nc3 Bg4 8.
Qxe7+ Bxe7 9. Be2 Nc6 10. Be3 O-O 11. h3 Be6 12. Ng5 d5 13. Nxe6 fxe6 14. Nb5
Bb4+ 15. c3 Ba5 16. O-O a6 17. Na3 e5 18. Nc2 Ne7 19. g4 c6 20. f4 Bc7 21. f5
Rf7 22. g5 Ne8 23. Bg4 Nd6 24. f6 gxf6 25. gxf6 Ng6 26. Be6 e4 27. dxe4 Nxe4 28.
Nd4 Be5 29. Nf5 Kf8 30. Bxf7 Kxf7 31. Nh6+ Kf8 32. Ng4 Kf7 33. Bh6 Re8 34. Bg7
Bf4 35. Rxf4 Nxf4 36. Nh6+ Kg6 37. f7 Rc8 38. f8=Q Rxf8 39. Bxf8 Ne6 40. Rf1
Nxf8 41. Rxf8 Kxh6 42. Rf7 b5 43. Ra7 c5 44. Rxa6+ Kg5 45. Rb6 h5 46. Rxb5 Kf4
47. a4 h4 48. a5 d4 49. cxd4 cxd4 50. Rd5 Ke3 51. a6 {Black resigns} 1-0

[Event "Team 45 45 League T66"]
[Site "Internet Chess Club"]
[Date "2015.10.25"]
[Round "8"]
[White "chessfan"]
[Black "G-force"]
[Result "1/2-1/2"]
[WhiteElo "2100"]
[BlackElo "2144"]
[Opening "Sicilian: accelerated fianchetto, modern variation with Bc4"]
[ECO "B35"]
[Time "17:02:08"]
[TimeControl "2700+45"]

1. e4 c5 2. Nf3 g6 3. d4 cxd4 4. Nxd4 Nc6 5. Nc3 Bg7 6. Be3 Nf6 7. Bc4 O-O 8.
Bb3 a5 9. O-O a4 10. Nxa4 Nxe4 11. Nb5 Ra6 12. Qe2 d6 13. c4 Nf6 14. h3 Be6 15.
Rad1 Qb8 16. Nb6 Na5 17. Bc2 Nd7 18. Nd5 Bxd5 19. cxd5 Bxb2 20. Bh6 Bg7 21. Bxg7
Kxg7 22. Qxe7 Qd8 23. Qe3 Ne5 24. f4 Nec4 25. Qf2 Qf6 26. f5 Raa8 27. Qg3 g5 28.
h4 h6 29. hxg5 hxg5 30. Nc3 Rfe8 31. Ne4 Rxe4 32. Bxe4 Ne5 33. Rb1 Nac4 34. Rf2
Ra3 35. Rb3 Ra4 36. Bb1 b6 37. Re2 Ra5 38. Be4 Nd7 {Game drawn by mutual
agreement} 1/2-1/2

[Event "Team 45 45 League T66"]
[Site "Internet Chess Club"]
[Date "2015.10.24"]
[Round "8"]
[White "jonesey"]
[Black "hood"]
[Result "0-1"]
[WhiteElo "1992"]
[BlackElo "2057"]
[Opening "Grünfeld: exchange variation"]
[ECO "D85"]
[Time "21:06:40"]
[TimeControl "2700+45"]

1. d4 Nf6 2. c4 g6 3. Nc3 d5 4. cxd5 Nxd5 5. e4 Nxc3 6. bxc3 Bg7 7. Be3 c5 8.
Qd2 Qa5 9. Rc1 O-O 10. Nf3 Rd8 11. Be2 Nc6 12. d5 e6 13. c4 Nb4 14. O-O b6 15.
Bd1 Qxa2 16. Bc2 Qxc4 17. Bg5 f6 18. Bh6 Bxh6 19. Qxh6 Nxc2 20. e5 Qxd5 21. Rxc2
Ba6 22. exf6 Qb7 23. Ne5 Rf8 24. Rd2 Bxf1 25. Rd7 Qxg2# {White checkmated} 0-1

[Event "Team 45 45 League T66"]
[Site "Internet Chess Club"]
[Date "2015.10.24"]
[Round "8"]
[White "joebobpop"]
[Black "laurenpar"]
[Result "1/2-1/2"]
[WhiteElo "1924"]
[BlackElo "1973"]
[Opening "French: Tarrasch, Guimard main line"]
[ECO "C04"]
[Time "23:06:00"]
[TimeControl "2700+45"]

1. e4 e6 2. d4 d5 3. Nd2 Nc6 4. Ngf3 Nf6 5. e5 Nd7 6. c3 f6 7. exf6 Qxf6 8. Bd3
Bd6 9. Nb3 e5 10. Bg5 Qf7 11. dxe5 Ndxe5 12. Nxe5 Nxe5 13. Be2 O-O 14. O-O c6
15. Nd4 Qg6 16. f4 Bc5 17. Bh5 Qf5 18. Kh1 Bxd4 19. Qxd4 Ng4 20. Rae1 Nf6 21.
Be2 Qg6 22. Bd3 Bf5 23. Bxf5 Qxf5 24. Re7 Rf7 25. Rxf7 Kxf7 26. Qe5 Qd3 27. Qc7+
Kg6 28. Rg1 Ne4 29. h3 Qg3 30. Rf1 Re8 31. Qxb7 Nf2+ 32. Kg1 Nxh3+ 33. Kh1 {Game
drawn by mutual agreement} 1/2-1/2

[Event "Team 45 45 League T66"]
[Site "Internet Chess Club"]
[Date "2015.10.25"]
[Round "8"]
[White "ChessRooklift"]
[Black "samit"]
[Result "1-0"]
[WhiteElo "1889"]
[BlackElo "1363"]
[Opening "Nimzovich-Larsen attack: classical variation"]
[ECO "A01"]
[Time "13:02:07"]
[TimeControl "2700+45"]

1. b3 d5 2. Bb2 c5 3. e3 Nc6 4. Nf3 Bg4 5. Bb5 e6 6. O-O Nf6 7. h3 Bh5 8. d3 Bd6
9. Bxc6+ bxc6 10. Nbd2 O-O 11. Re1 Nd7 12. e4 Be5 13. Qb1 Bxb2 14. Qxb2 d4 15.
Qc1 e5 16. g4 Bg6 17. Nc4 f6 18. Kg2 Nb6 19. Rh1 Nxc4 20. bxc4 Qa5 21. a4 Rab8
22. Qa3 Qb4 23. Qc1 Rb6 24. a5 Rb7 25. Nd2 Rfb8 26. Nb3 Qc3 27. Nxc5 Rb2 28. Na4
Qxc2 29. Nxb2 Rxb2 30. Qxc2 Rxc2 31. Rhb1 Be8 32. Ra3 c5 33. Rb7 Rc3 34. Ra1
Rxd3 35. Rxa7 Rc3 36. Ra8 Kf7 37. a6 d3 38. Rxe8 d2 39. Rd8 Rc1 40. Ra5 d1=Q 41.
Rxd1 Rxd1 42. a7 {Black resigns} 1-0

[Event "Team 45 45 League T66"]
[Site "Internet Chess Club"]
[Date "2015.10.23"]
[Round "8"]
[White "otherook"]
[Black "primerpaso"]
[Result "0-1"]
[WhiteElo "1751"]
[BlackElo "1938"]
[Opening "English, 1...Nf6 (Anglo-Indian defense)"]
[ECO "A15"]
[Time "18:00:54"]
[TimeControl "2700+45"]

1. c4 Nf6 2. g3 g6 3. Bg2 Bg7 4. Nf3 O-O 5. O-O c6 6. Nc3 d5 7. cxd5 cxd5 8. d3
Nc6 9. e4 d4 10. Ne2 h6 11. Bd2 Kh7 12. b4 a6 13. Rb1 e5 14. a4 b5 15. Qc2 Bd7
16. axb5 axb5 17. Ra1 Rc8 18. Qa2 Qe7 19. Qb2 Rc7 20. Ra6 Rfc8 21. Rfa1 Nb8 22.
Ra7 Rc2 23. Qb3 Qe8 24. Rb7 Be6 25. Qb1 Qc6 26. Raa7 Ne8 27. h4 Nd7 28. Kh2 Nd6
{White forfeits on time} 0-1

[Event "Team 45 45 League T66"]
[Site "Internet Chess Club"]
[Date "2015.10.25"]
[Round "8"]
[White "QuieroAprender"]
[Black "LordKinbote"]
[Result "1/2-1/2"]
[WhiteElo "1702"]
[BlackElo "1684"]
[Opening "Ruy Lopez: Schliemann defense, Berger variation"]
[ECO "C63"]
[Time "15:11:42"]
[TimeControl "2700+45"]

1. e4 e5 2. Nf3 Nc6 3. Bb5 f5 4. Nc3 fxe4 5. Nxe4 d5 6. Bxc6+ bxc6 7. Ng3 e4 8.
Ne5 Qf6 9. d4 exd3 10. Nxd3 Qe6+ 11. Qe2 Qxe2+ 12. Nxe2 Bd6 13. O-O Nf6 14. Nd4
c5 15. Re1+ Kf7 16. Nb5 Bd7 17. Nxd6+ cxd6 18. Bf4 c4 19. Nc1 Rab8 20. b3 Bf5
21. Bxd6 Rbe8 22. Ne2 Bxc2 23. Nd4 Bd3 24. Nc6 Rxe1+ 25. Rxe1 Re8 26. Ne5+ Kg8
27. Nxd3 cxd3 28. Rxe8+ Nxe8 29. Bf4 Nd6 30. f3 Nb5 31. Kf1 Nc3 32. a4 Ne2 33.
Bd2 Kf7 34. Ke1 Ke6 35. a5 a6 36. b4 Kd6 37. Bg5 h6 38. Bd8 Kc6 39. Kd2 Kb5 40.
Kxd3 Nf4+ 41. Kc3 Nxg2 42. Kd4 Kxb4 43. Kxd5 Ne1 44. Ke4 g6 45. f4 Kc4 46. h4
Nd3 47. f5 Nc5+ 48. Ke5 gxf5 49. Kxf5 Kd5 50. Kg6 Ke6 51. h5 Nd7 52. Kxh6 Ne5
53. Kg7 Ng4 54. h6 Nxh6 55. Kxh6 Kd7 56. Bb6 Kc6 57. Kg5 Kb7 58. Kf5 Ka8 59. Ke5
Kb7 60. Kd6 Ka8 61. Kc6 Kb8 62. Bc5 Ka8 63. Kb6 Kb8 64. Kxa6 Ka8 65. Kb5 Kb8 66.
a6 Ka8 67. Kc6 Kb8 68. Ba7+ Kxa7 69. Kc7 Kxa6 {Game drawn because neither player
has mating material} 1/2-1/2

[Event "Team 45 45 League T66"]
[Site "Internet Chess Club"]
[Date "2015.10.24"]
[Round "8"]
[White "Whalen"]
[Black "Andressa"]
[Result "1-0"]
[WhiteElo "1733"]
[BlackElo "1417"]
[Opening "QGD: exchange variation"]
[ECO "D35"]
[Time "15:00:45"]
[TimeControl "2700+45"]

1. d4 d5 2. c4 e6 3. Nc3 Nf6 4. cxd5 Nxd5 5. e4 Nxc3 6. bxc3 c5 7. Rb1 cxd4 8.
cxd4 Be7 9. Nf3 O-O 10. Bc4 Nd7 11. O-O Nf6 12. Re1 b6 13. Bd2 Bb7 14. Bd3 e5
15. d5 Bd6 16. Bg5 h6 17. Bh4 Re8 18. h3 Rc8 19. Qa4 Bb8 20. Bb5 Rf8 21. Nh2 Qd6
22. Nf1 Nh5 23. Ne3 Nf4 24. Nf5 Nxh3+ 25. gxh3 Qg6+ 26. Kh2 Rc3 27. Ne7+ {Black
resigns} 1-0

[Event "Team 45 45 League T66"]
[Site "Internet Chess Club"]
[Date "2015.10.24"]
[Round "8"]
[White "olivermx"]
[Black "parrot9"]
[Result "1/2-1/2"]
[WhiteElo "1333"]
[BlackElo "1626"]
[Opening "Sicilian: Alapin's variation (2.c3)"]
[ECO "B22"]
[Time "14:32:48"]
[TimeControl "2700+45"]

1. e4 c5 2. c3 d5 3. exd5 Qxd5 4. Nf3 Nf6 5. Be2 e6 6. O-O Be7 7. d3 O-O 8. Be3
a6 9. Nbd2 Rd8 10. Nc4 Nbd7 11. d4 Qc6 12. Nce5 Qc7 13. Nxd7 Nxd7 14. Qc2 b5 15.
dxc5 Nxc5 16. Rad1 Bb7 17. Ng5 g6 18. Bf3 Bxf3 19. Nxf3 Rac8 20. Bh6 Bf6 21. Bg5
Bxg5 22. Nxg5 Qf4 23. Nf3 b4 24. Rxd8+ Rxd8 25. cxb4 Qxb4 26. h3 Rd5 27. b3 a5
28. Rd1 Rxd1+ 29. Qxd1 Ne4 30. Qd8+ Kg7 31. Qd4+ Nf6 32. Qxb4 axb4 33. Nd4 Nd5
34. Nb5 Kf6 35. a3 bxa3 36. Nxa3 Ke5 37. Nc2 Nc3 38. g4 Ke4 39. Kg2 Nb5 40. f3+
Kd3 41. Ne1+ Kc3 42. Kg3 h6 43. Kf4 f6 44. h4 Nd4 45. g5 e5+ 46. Ke4 hxg5 47.
hxg5 fxg5 48. Kxe5 Nxb3 49. Kf6 Nd4 50. Kxg5 Nxf3+ 51. Nxf3 Kd3 52. Kxg6 {Game
drawn because neither player has mating material} 1/2-1/2

[Event "Team 45 45 League T66"]
[Site "Internet Chess Club"]
[Date "2015.10.25"]
[Round "8"]
[White "bradleyguo175"]
[Black "komodeo"]
[Result "1-0"]
[WhiteElo "1647"]
[BlackElo "1641"]
[Opening "QGD Slav: Slav gambit"]
[ECO "D15"]
[Time "08:50:18"]
[TimeControl "2700+45"]

1. d4 d5 2. c4 c6 3. Nf3 Nf6 4. Nc3 dxc4 5. e4 b5 6. Qc2 e6 7. a4 Bb4 8. Be2 Bb7
9. O-O a6 10. Bg5 h6 11. Bh4 Nbd7 12. e5 g5 13. Bg3 Nh5 14. Ne4 Qb6 15. Rfd1 Ke7
16. b3 cxb3 17. Qxb3 Rac8 18. Qxb4+ c5 19. dxc5 Nxc5 20. Nxc5 Qxc5 21. Qxc5+
Rxc5 22. axb5 axb5 23. Ra7 Rc7 24. Bxb5 Rhc8 25. Raa1 Bxf3 26. gxf3 Nxg3 27.
fxg3 Rc5 28. Ra7+ Kf8 29. Ba6 Rb8 30. Rad7 {Black forfeits on time} 1-0

[Event "Team 45 45 League T66"]
[Site "Internet Chess Club"]
[Date "2015.10.25"]
[Round "8"]
[White "Littlemon"]
[Black "hudson"]
[Result "0-1"]
[WhiteElo "1535"]
[BlackElo "1744"]
[Opening "King's Indian: 4.e4"]
[ECO "E70"]
[Time "09:02:10"]
[TimeControl "2700+45"]

1. d4 Nf6 2. c4 g6 3. Nc3 Bg7 4. e4 d6 5. Bd3 O-O 6. Nge2 c5 7. d5 e6 8. O-O
exd5 9. exd5 Nbd7 10. f4 a6 11. Bd2 Re8 12. Ng3 b6 13. Rc1 Nf8 14. h3 b5 15.
cxb5 axb5 16. Bxb5 Bd7 17. Bc4 Qb6 18. Rc2 Bc8 19. Re1 Ba6 20. Rxe8 Rxe8 21.
Bxa6 Qxa6 22. Qf1 Qa8 23. Qd3 N8d7 24. Nge4 Nxe4 25. Nxe4 Bd4+ 26. Kh2 Qxd5 27.
Nc3 Bg1+ {White resigns} 0-1

[Event "Team 45 45 League T66"]
[Site "Internet Chess Club"]
[Date "2015.10.23"]
[Round "8"]
[White "pokerram"]
[Black "giantwood"]
[Result "1-0"]
[WhiteElo "1757"]
[BlackElo "1453"]
[Opening "Queen's pawn game, Darooha variation "]
[ECO "D02"]
[Time "19:00:06"]
[TimeControl "2700+45"]

1. Nf3 d5 2. d4 Nf6 3. g3 Nc6 4. Bg2 Bf5 5. c4 e6 6. Nh4 Bb4+ 7. Bd2 Nxd4 8.
Nxf5 Bxd2+ 9. Qxd2 Nxf5 10. O-O O-O 11. cxd5 exd5 12. Nc3 c6 13. e3 Re8 14. Qc2
Nd6 15. Rad1 Qc7 16. Rfe1 Re7 17. e4 Rae8 18. f3 Qb6+ 19. Qf2 Qxf2+ 20. Kxf2
dxe4 21. Rxd6 e3+ 22. Ke2 h6 23. Red1 Kh7 24. Rd8 Rxd8 25. Rxd8 b5 26. Ne4 Nd5
27. Rc8 f5 28. Nc3 Nb4 29. Rd8 a6 30. f4 c5 31. Nd5 Nxd5 32. Rxd5 g6 33. Rxc5
Kg7 34. Re5 Rxe5 35. fxe5 Kf7 36. Bd5+ Ke7 37. Kxe3 g5 38. b4 h5 39. Kf3 g4+ 40.
Kf4 Kd7 41. Kxf5 Ke7 42. Bb7 Kf7 43. Bxa6 Ke7 44. e6 Ke8 45. Kf6 Kf8 46. e7+ Ke8
47. Bxb5# {Black checkmated} 1-0

[Event "Team 45 45 League T66"]
[Site "Internet Chess Club"]
[Date "2015.10.24"]
[Round "8"]
[White "kidviper"]
[Black "Skeptic1972"]
[Result "1-0"]
[WhiteElo "1980"]
[BlackElo "1670"]
[Opening "French: Tarrasch, open variation"]
[ECO "C07"]
[Time "10:11:05"]
[TimeControl "2700+45"]

1. e4 e6 2. d4 d5 3. Nd2 c5 4. exd5 Qxd5 5. Ngf3 cxd4 6. Bc4 Qd6 7. O-O Nf6 8.
Re1 Nc6 9. Nb3 Bd7 10. Nbxd4 Nxd4 11. Nxd4 a6 12. Be3 Be7 13. Qe2 Kf8 14. Rad1
Qc7 15. Bb3 g6 16. Bh6+ Kg8 17. Nxe6 Bxe6 {Black resigns} 1-0

[Event "Team 45 45 League T66"]
[Site "Internet Chess Club"]
[Date "2015.10.23"]
[Round "8"]
[White "nidusin2"]
[Black "kidcobra"]
[Result "0-1"]
[WhiteElo "1581"]
[BlackElo "1829"]
[Opening "King's Indian: Petrosian system"]
[ECO "E92"]
[Time "21:04:10"]
[TimeControl "2700+45"]

1. d4 Nf6 2. Nf3 g6 3. c4 Bg7 4. Nc3 O-O 5. e4 d6 6. Be2 e5 7. d5 h6 8. O-O Nh7
9. b4 a5 10. bxa5 f5 11. exf5 Bxf5 12. Bd3 e4 13. Bxe4 Bxe4 14. Nxe4 Bxa1 15.
Bxh6 Bg7 16. Bg5 Qd7 17. Qc2 Na6 18. Be3 Qf5 19. Nh4 Qg4 20. Nf3 Rxf3 {White
resigns} 0-1

[Event "Team 45 45 League T66"]
[Site "Internet Chess Club"]
[Date "2015.10.22"]
[Round "8"]
[White "KidRattler"]
[Black "Insan996"]
[Result "0-1"]
[WhiteElo "1701"]
[BlackElo "1617"]
[Opening "Four knights: Italian variation"]
[ECO "C47"]
[Time "20:14:21"]
[TimeControl "2700+45"]

1. Nc3 e5 2. Nf3 Nc6 3. e4 Nf6 4. Bc4 Na5 5. Qe2 Nxc4 6. Qxc4 d6 7. Ng5 Qe7 8.
Nb5 c6 9. Nxd6+ Qxd6 10. Nxf7 Qe6 11. Qxe6+ Bxe6 12. Nxh8 Nxe4 13. d3 Nf6 14.
Bg5 O-O-O 15. Bxf6 gxf6 16. O-O Bc5 17. Kh1 Rxh8 18. a3 Rg8 19. f3 Be3 20. Rae1
Bb6 21. Re4 Bf5 22. Rh4 Be3 23. b3 Bg5 24. Ra4 a6 25. Rc4 Kc7 26. Rd1 b5 27. Rc3
Be3 28. b4 Bd4 29. Rb3 Be6 30. Rbb1 Ba2 31. Rbc1 Bb2 32. Kg1 Kb6 33. c4 Bxc1 34.
Rxc1 bxc4 35. dxc4 Rd8 36. Rc2 Rd1+ 37. Kf2 Bb1 38. Rb2 Bd3 39. Ke3 Bxc4 40. Ke4
Be6 41. Ke3 Ra1 42. h4 Rxa3+ 43. Kf2 Ra2 44. Rxa2 Bxa2 45. f4 Kb5 46. fxe5 fxe5
47. g4 Kxb4 48. h5 Kc5 49. g5 Bf7 50. g6 hxg6 51. h6 Bg8 52. Kg3 Kd6 53. Kg4 Ke6
54. Kg5 Bh7 55. Kg4 a5 56. Kf3 Kf5 57. Ke3 e4 58. Kf2 a4 59. Kg2 a3 60. Kg3 a2
61. Kh2 Kg4 62. Kg2 e3 63. Kf1 a1=Q+ 64. Ke2 Qd4 65. Kf1 Kg3 66. Ke1 Qd2+ 67.
Kf1 Qf2# {White checkmated} 0-1

[Event "Team 45 45 League T66"]
[Site "Internet Chess Club"]
[Date "2015.10.22"]
[Round "8"]
[White "Ajolote"]
[Black "BJJ"]
[Result "1-0"]
[WhiteElo "1672"]
[BlackElo "1464"]
[Opening "Scandinavian defense"]
[ECO "B01"]
[Time "19:05:04"]
[TimeControl "2700+45"]

1. e4 d5 2. exd5 Nf6 3. Nc3 c6 4. dxc6 Nxc6 5. Nf3 Bf5 6. d3 e5 7. Be2 Bc5 8.
O-O O-O 9. Bg5 Re8 10. Re1 Nd4 11. Nxd4 Bxd4 12. Be3 Rc8 13. Bxd4 Qxd4 14. Bf3
Ng4 15. Qe2 Re6 16. h3 Nh6 17. Be4 Bxe4 18. Qxe4 Qb6 19. Rab1 f5 20. Qe3 Qa5 21.
d4 e4 22. d5 Rd6 23. Qd4 Rcd8 24. a3 Nf7 25. Qb4 Qxb4 26. axb4 a6 27. f3 exf3
28. gxf3 Ng5 29. Kg2 Rg6 30. Re7 Ne4+ 31. Kh2 Nxc3 32. bxc3 Rxd5 33. Rbe1 Rd2+
34. R1e2 Rxe2+ 35. Rxe2 Kf7 36. f4 h5 37. Re5 Rf6 38. Kg3 g6 39. Rc5 Rc6 40.
Rxc6 bxc6 41. c4 Ke6 42. h4 Kd6 43. Kf3 c5 44. c3 cxb4 45. cxb4 Kc6 46. Ke3 Kd6
47. Kd4 Ke6 48. c5 Kd7 49. Kd5 g5 50. fxg5 f4 51. Ke4 f3 52. Kxf3 Kc6 53. g6 Kb5
54. g7 Kxb4 55. g8=Q Kxc5 56. Qb3 a5 57. Ke4 Kc6 58. Ke5 Kc5 59. Qa4 Kb6 60. Kd6
Ka6 61. Kc7 Ka7 62. Qxa5# {Black checkmated} 1-0